 Dungeon Crawl Stone Soup version 0.29.0-10-g45618ea6d2 (webtiles) character file.

Game seed: 9468962754259518135

4452 greasedhog the Skirmisher (level 10, 0/118 HPs)
             Began as a Gnoll Hunter on Sept 1, 2022.
             Was a Follower of Okawaru.
             Slain by a killer bee (5 damage)
             ... on level 9 of the Dungeon.
             The game lasted 00:13:06 (9251 turns).

greasedhog the Skirmisher (Gnoll Hunter)            Turns: 9251, Time: 00:13:07

Health: 0/118      AC: 25    Str:  9    XL:     10   Next: 37%
Magic:  18/18      EV:  2    Int:  8    God:    Okawaru [*.....]
Gold:   104        SH:  0    Dex: 24    Spells: 19/19 levels left

rFire   . . .      SeeInvis .   b - +0 long sword
rCold   + . .      Faith    .   (no shield)
rNeg    . . .      Spirit   .   (body armour currently unavailable)
rPois   +          Reflect  .   (helmet currently unavailable)
rElec   .          Harm     .   (cloak currently unavailable)
rCorr   .          Rampage  .   (gloves currently unavailable)
Will    .....      NoTele   +   (boots currently unavailable)
Stlth   ++++......              (no amulet)
HPRegen 0.29/turn               i - ring of poison resistance
MPRegen 0.16/turn               n - ring of protection from cold

@: brilliant, tree-form
A: stationary, stasis, torment immunity, boosted hp, (fangs 1), strong nose,
distributed training, (iridescent scales 1), agile 1, MP-powered wands
a: Renounce Religion, Heroism


You were on level 9 of the Dungeon.
You worshipped Okawaru.
Okawaru was aware of your devotion.
You were a tree.
You visited 2 branches of the dungeon, and saw 10 of its levels.

You collected 398 gold pieces.
You spent 294 gold pieces at shops.

Inventory:

Hand Weapons
 a - the +4 arbalest "Yxzauxko" {elec, MP+9 Int+4}
   (You bought it in a shop on level 5 of the Dungeon)

   Any ammunition fired from it occasionally discharges a powerful burst of
   electricity upon striking a foe.
   Int:       It affects your intelligence (+4).
   MP:        It affects your magic capacity (+9).
 b - a +0 long sword (weapon)
Missiles
 p - 2 curare-tipped darts
Armour
 g - a +0 pair of boots (melded)
 y - a +0 pair of gloves (melded)
 F - +2 steam dragon scales (melded)
Jewellery
 i - a ring of poison resistance (left branch)
 j - a ring of positive energy
 n - a ring of protection from cold (right branch)
 E - a ring of see invisible
Wands
 e - a wand of flame (13)
 k - a wand of polymorph (6)
 u - a wand of charming (11)
 G - a wand of acid (5)
Scrolls
 d - 9 scrolls of teleportation
 f - 3 scrolls of blinking
 m - 2 scrolls of amnesia
 q - 3 scrolls of butterflies
 r - a scroll of magic mapping
 s - 2 scrolls of silence
 t - a scroll of fear
 B - a scroll of immolation
 C - 2 scrolls of enchant armour
Potions
 l - 2 potions of flight
 o - a potion of attraction
 v - a potion of haste
 w - a potion of magic
 z - 2 potions of mutation
 A - a potion of might


   Skills:
 + Level 7.2 Fighting
 + Level 5.4 Short Blades
 + Level 5.4 Long Blades
 + Level 5.4 Axes
 + Level 5.4 Maces & Flails
 + Level 5.4 Polearms
 + Level 5.4 Staves
 + Level 10.1 Ranged Weapons
 + Level 5.4 Throwing
 + Level 5.4 Armour
 + Level 7.2 Dodging
 + Level 6.0 Stealth
 + Level 5.4 Shields
 + Level 5.4 Unarmed Combat
 + Level 5.4 Spellcasting
 + Level 4.4 Conjurations
 + Level 4.4 Hexes
 + Level 4.4 Summonings
 + Level 4.4 Necromancy
 + Level 4.4 Translocations
 + Level 4.4 Transmutations
 + Level 4.4 Fire Magic
 + Level 4.4 Ice Magic
 + Level 4.4 Air Magic
 + Level 4.4 Earth Magic
 + Level 4.4 Poison Magic
 + Level 5.9 Invocations
 + Level 5.4 Evocations


You had 19 spell levels left.
You didn't know any spells.
Your spell library contained the following spells:

 Spells                   Type           Power      Damage    Failure   Level
 Freeze                   Ice            52%        1d7       4%          1
 Magic Dart               Conj           52%        1d5       4%          1
 Poisonous Vapours        Pois/Air       26%        N/A       6%          2
 Frozen Ramparts          Ice            26%        1d4       12%         3
 Gell's Gravitas          Tloc           13%        N/A       12%         3
 Lesser Beckoning         Tloc           13%        N/A       12%         3
 Mephitic Cloud           Conj/Pois/Air  13%        N/A       12%         3
 Teleport Other           Tloc           13%        N/A       12%         3
 Corpse Rot               Necr/Pois/Air  13%        N/A       36%         4
 Hailstorm                Conj/Ice       13%        3d5       36%         4
 Call Imp                 Summ           Unusable   N/A       N/A         2
 Animate Dead             Necr           Unusable   N/A       N/A         4
 Haunt                    Necr/Summ      Unusable   N/A       N/A         7
 Infestation              Necr           Unusable   N/A       N/A         8

Dungeon Overview and Level Annotations

Branches:
Dungeon (9/15)             Temple (1/1) D:6             Orc (0/2) D:9
   Lair: D:8-11

Altars:
Ashenzari
Dithmenos
Elyvilon
Fedhas
Gozag
Kikubaaqudgha
Makhleb
Nemelex Xobeh
Okawaru
Qazlal
Ru
Sif Muna
Trog
Uskayaw
Vehumet
Wu Jian
Xom
Zin
The Shining One

Shops:
D:5 ([[:


Innate Abilities, Weirdness & Mutations

You are a tree.
Your roots penetrate the ground, keeping you stationary.
You cannot be teleported.
You are immune to unholy pain and torment.
Your maximum health is greatly increased.
Your equipment is partially melded.
((You have very sharp teeth.))
Your uncanny sense of smell can sniff out nearby items.
Your experience applies equally to all skills.
((You are partially covered in iridescent scales. (AC +2)))
You are agile. (Dex +4, Str/Int -1)
You expend magic power (3 MP) to strengthen your wands.


Message History

The meliai mumbles some strange prayers to its god against you.
Something smites you!
* * * LOW HITPOINT WARNING * * *
Fire: a) +4 arbalest "Yxzauxko" {elec, MP+9 Int+4}
Press: ? - help, Q - select action, (/) - cycle Shift-Dir - straight line, f/p - meliai
Aim: a meliai, wielding a +0 war axe and wearing a +0 leather armour (severely wounded, fleeing, 61% to hit)
You shoot a bolt. The bolt hits the meliai!
You kill the meliai!
Okawaru accepts your kill.
Your Stealth skill increases to level 6!
It was a potion of brilliance.
You feel clever all of a sudden.
Okay, then.
You drop 2 potions of degeneration.
You start resting.
A killer bee is nearby!
Fire: a) +4 arbalest "Yxzauxko" {elec, MP+9 Int+4}
Press: ? - help, Q - select action, (/) - cycle Shift-Dir - straight line, f - killer bee
Aim: a killer bee (51% to hit)
You shoot a bolt. The bolt hits the killer bee!
The killer bee is severely wounded.
Unknown command.
Fire: a) +4 arbalest "Yxzauxko" {elec, MP+9 Int+4}
Press: ? - help, Q - select action, (/) - cycle Shift-Dir - straight line, f/p - killer bee
Aim: a killer bee (severely wounded, 51% to hit)
You shoot a bolt. The bolt barely misses the killer bee.
Unknown command.
You feel your magic capacity decrease.
The +4 arbalest "Yxzauxko" {elec, MP+9 Int+4} stops crackling.
b - a +0 long sword (weapon)
The killer bee stings you.
* * * LOW HITPOINT WARNING * * *
You barely miss the killer bee.
The killer bee is severely wounded.
The killer bee stings you but does no damage. x3
Unknown command.
You hit the killer bee.
The killer bee is almost dead.
The killer bee stings you.
You die...

.... ... # ####..###..
#.......... ....)..... ######
......... #....####......).
#......♣y......).
#....###......).. ###.##
#.#....... ##.# #.#...#... ...
..####..####.#...# .. ... #.#
#............#...# #####.#. #.#
#####........)...####....... #.#
#........).........#.....
##.#####..#......................


You could see a killer bee.

Vanquished Creatures
  Maggie (D:7)
  3 meliai (D:9)
  Grinder (D:3)
  Prince Ribbit (D:7)
  2 wraiths
  A water moccasin (D:6)
  3 orc warriors
  A sky beast (D:7)
  2 black bears
  2 ogres
  A centaur (D:9)
  A phantom (D:6)
  A kobold brigand (D:6)
  A bullfrog (D:6)
  A gnoll sergeant (D:7)
  3 scorpions
  3 wights (D:7)
  A killer bee (D:9)
  3 howler monkeys (D:8)
  2 jellies
  7 orc priests
  A gnoll bouda (D:8)
  7 hounds
  4 iguanas
  10 orc wizards
  9 adders
  11 gnolls
  2 shadow imps
  A worm (D:2)
  5 dart slugs
  43 orcs
  5 endoplasms
  3 giant cockroaches
  6 hobgoblins
  6 jackals
  12 kobolds
  5 quokkas
  9 ball pythons
  2 bats (D:1)
  4 frilled lizards
  5 goblins
  10 rats
201 creatures vanquished.

Vanquished Creatures (collateral kills)
  A goblin (D:2)
1 creature vanquished.

Vanquished Creatures (others)
  An orc wizard (D:6)
1 creature vanquished.

Grand Total: 203 creatures vanquished

Notes
Turn   | Place    | Note
-------+----------+-------------------------------------------
     0 | D:1      | greasedhog the Gnoll Hunter began the quest for the Orb.
     0 | D:1      | Reached XP level 1. HP: 20/20 MP: 1/1
   140 | D:1      | Reached XP level 2. HP: 26/26 MP: 2/2
   476 | D:1      | Found a faded altar of an unknown god.
   836 | D:2      | Gained mutation: You are partially covered in iridescent
                  | scales. (AC +2) [potion of mutation]
   836 | D:2      | Gained mutation: You expend magic power (3 MP) to
                  | strengthen your wands. [potion of mutation]
   836 | D:2      | Gained mutation: You are agile. (Dex +4, Str/Int -1)
                  | [potion of mutation]
   857 | D:2      | Reached XP level 3. HP: 25/31 MP: 2/4
   973 | D:2      | Reached skill level 1 in Invocations
  1002 | D:2      | Reached skill level 1 in Short Blades
  1002 | D:2      | Reached skill level 1 in Long Blades
  1002 | D:2      | Reached skill level 1 in Axes
  1002 | D:2      | Reached skill level 1 in Maces & Flails
  1002 | D:2      | Reached skill level 1 in Polearms
  1002 | D:2      | Reached skill level 1 in Staves
  1002 | D:2      | Reached skill level 1 in Throwing
  1002 | D:2      | Reached skill level 1 in Armour
  1002 | D:2      | Reached skill level 1 in Shields
  1002 | D:2      | Reached skill level 1 in Unarmed Combat
  1002 | D:2      | Reached skill level 1 in Spellcasting
  1002 | D:2      | Reached skill level 1 in Evocations
  1045 | D:2      | Reached XP level 4. HP: 38/38 MP: 5/5
  1282 | D:2      | Reached skill level 1 in Conjurations
  1282 | D:2      | Reached skill level 1 in Hexes
  1282 | D:2      | Reached skill level 1 in Summonings
  1282 | D:2      | Reached skill level 1 in Necromancy
  1282 | D:2      | Reached skill level 1 in Translocations
  1282 | D:2      | Reached skill level 1 in Transmutations
  1282 | D:2      | Reached skill level 1 in Fire Magic
  1282 | D:2      | Reached skill level 1 in Ice Magic
  1282 | D:2      | Reached skill level 1 in Air Magic
  1282 | D:2      | Reached skill level 1 in Earth Magic
  1282 | D:2      | Reached skill level 1 in Poison Magic
  1785 | D:3      | Noticed Grinder
  1812 | D:3      | Killed Grinder
  1813 | D:3      | Reached skill level 5 in Fighting
  1813 | D:3      | Reached skill level 5 in Dodging
  1813 | D:3      | Reached XP level 5. HP: 19/44 MP: 5/8
  1813 | D:3      | Reached XP level 6. HP: 22/51 MP: 5/9
  2832 | D:4      | Reached XP level 7. HP: 56/56 MP: 10/10
  2983 | D:4      | Found a stormy altar of Qazlal.
  3460 | D:4      | Reached skill level 9 in Ranged Weapons
  3576 | D:5      | Entered Level 5 of the Dungeon
  3628 | D:5      | Found Efepn's Antique Weapon Shoppe.
  3630 | D:5      | Found an opulent altar of Gozag.
  3793 | D:5      | Found Nagubadu's Armour Shoppe.
  3938 | D:5      | Reached XP level 8. HP: 56/63 MP: 12/12
  4171 | D:5      | Found Bigemiho's Book Shoppe.
  4234 | D:5      | Found Merghiock's Antique Armour Boutique.
  5365 | D:5      | Bought a twisted arbalest for 294 gold pieces
  5365 | D:5      | Identified the +4 arbalest "Yxzauxko" {elec, MP+9 Int+4}
                  | (You bought it in a shop on level 5 of the Dungeon)
  5458 | D:6      | Found a staircase to the Ecumenical Temple.
  5467 | Temple   | Entered the Ecumenical Temple
  5860 | D:6      | Found an ornate altar of the Wu Jian Council.
  6361 | D:7      | Reached XP level 9. HP: 55/69 MP: 13/15
  6655 | D:7      | Reached skill level 5 in Stealth
  6703 | D:7      | Noticed Prince Ribbit
  6709 | D:7      | Killed Prince Ribbit
  6890 | D:8      | Reached skill level 5 in Invocations
  7183 | D:7      | Noticed Maggie
  7187 | D:7      | Killed Maggie
  7703 | D:7      | Identified the +3 dagger of Zaiphil {distort, *Slow Will+
                  | Str+5}
  8189 | D:8      | Reached skill level 5 in Short Blades
  8189 | D:8      | Reached skill level 5 in Long Blades
  8189 | D:8      | Reached skill level 5 in Axes
  8189 | D:8      | Reached skill level 5 in Maces & Flails
  8189 | D:8      | Reached skill level 5 in Polearms
  8189 | D:8      | Reached skill level 5 in Staves
  8189 | D:8      | Reached skill level 5 in Throwing
  8189 | D:8      | Reached skill level 5 in Armour
  8189 | D:8      | Reached skill level 5 in Shields
  8189 | D:8      | Reached skill level 5 in Unarmed Combat
  8189 | D:8      | Reached skill level 5 in Spellcasting
  8189 | D:8      | Reached skill level 5 in Evocations
  8193 | D:8      | Reached XP level 10. HP: 77/77 MP: 17/17
  8278 | D:8      | Found an iron altar of Okawaru.
  8278 | D:8      | Found a shadowy altar of Dithmenos.
  8282 | D:8      | Became a worshipper of Warmaster Okawaru
  8715 | D:9      | Reached skill level 10 in Ranged Weapons
  8837 | D:9      | Found a staircase to the Orcish Mines.
  9213 | D:9      | Reached * piety under Okawaru
  9225 | D:9      | HP: 2/118 [meliai/divine providence (7)]
  9249 | D:9      | HP: 5/118 [killer bee (4)]
  9251 | D:9      | Slain by a killer bee

Illustrated notes

Levels and vault maps discovered:
D:1:      tarquinn_simple_flora_water_c, layout_loops_cross,
          hellmonk_ecumenical_altar_leap_of_faith, serial_bayou_pond_d,
          minivault_27, minmay_pentomino_x4
D:2:      minmay_inner_zag, layout_rooms, serial_curves, eino_curves_04,
          eino_curves_02, eino_curves_01
D:3:      layout_loops_corners, minmay_misc_feat_ornament, st_stairs_3,
          uniq_grinder
D:4:      layout_basic, grunt_qazlal_sundering
D:5:      layout_gridville, grunt_gozag_statues, serial_shops,
          nicolae_shop_hallway_stairs, nicolae_shop_statue_plus,
          nicolae_shop_crystal, shop, nrook_campfire
D:6:      layout_basic, lemuel_round_altar, minmay_temple_entry_antechambers
D:7:      layout_basic, lemuel_flame_loot_1, uniq_maggie, uniq_prince_ribbit1
D:8:      layout_basic, gammafunk_temple_overflow_wave
D:9:      layout_rooms, mainiacjoe_overflow_swirl, david_orc_3, minivault_25_ag
Temple:   nicolae_temple_superstar

Skill      XL: |  1  2  3  4  5  6  7  8  9 10 |
---------------+-------------------------------+-----
Invocations    | 1 2 3 4 5 |  5.9
Short Blades   | 1 2 3 4 5 |  5.4
Long Blades    | 1 2 3 4 5 |  5.4
Axes           | 1 2 3 4 5 |  5.4
Maces & Flails | 1 2 3 4 5 |  5.4
Polearms       | 1 2 3 4 5 |  5.4
Staves         | 1 2 3 4 5 |  5.4
Throwing       | 1 2 3 4 5 |  5.4
Armour         | 1 2 3 4 5 |  5.4
Shields        | 1 2 3 4 5 |  5.4
Unarmed Combat | 1 2 3 4 5 |  5.4
Spellcasting   | 1 2 3 4 5 |  5.4
Evocations     | 1 2 3 4 5 |  5.4
Conjurations   | 1 2 3 4 |  4.4
Hexes          | 1 2 3 4 |  4.4
Summonings     | 1 2 3 4 |  4.4
Necromancy     | 1 2 3 4 |  4.4
Translocations | 1 2 3 4 |  4.4
Transmutations | 1 2 3 4 |  4.4
Fire Magic     | 1 2 3 4 |  4.4
Ice Magic      | 1 2 3 4 |  4.4
Air Magic      | 1 2 3 4 |  4.4
Earth Magic    | 1 2 3 4 |  4.4
Poison Magic   | 1 2 3 4 |  4.4
Fighting       | 5 6 7 |  7.2
Dodging        | 5 6 7 |  7.2
Stealth        | 3 4 5 6 |  6.0
Ranged Weapons | 9 10 | 10.1

Action                   |  1- 3 |  4- 6 |  7- 9 | 10-12 || total
-------------------------+-------+-------+-------+-------++-------
Melee: Falchion          |       |       |    77 |       ||    77
       Bite              |       |       |    13 |       ||    13
       Punch             |       |       |     4 |       ||     4
       Long sword        |       |       |     1 |     4 ||     5
 Fire: Shortbow          |    71 |   103 |   150 |       ||   324
       Arbalest          |       |       |   110 |    50 ||   160
  Use: Scroll            |     3 |     4 |     4 |     3 ||    14
       Potion            |     1 |     5 |       |     3 ||     9
Armor: Leather armour    |    13 |     6 |    60 |       ||    79
       Steam dragon scal |       |       |     1 |    14 ||    15
       Skin              |       |       |       |    11 ||    11
Dodge: Dodged            |    12 |    16 |    94 |    41 ||   163
